[Event "EWIRCC 2019"]
[Site "Monte-Carlo"]
[Date "2019.12.01"]
[Round "7.19"]
[White "Belenkaya, Dina"]
[Black "Benmesbah, Natacha"]
[Result "1-0"]
[ECO "B70"]
[WhiteElo "2302"]
[BlackElo "2265"]
[Annotator "NA"]
[PlyCount "139"]
[EventDate "2019.11.28"]
[EventType "swiss"]
[EventCountry "MNC"]
[SourceTitle "playchess.com"]
[Source "ChessBase"]
[SourceQuality "1"]
[TimeControl "5400+30"]

1. e4 c5 2. Nc3 Nc6 3. Nge2 g6 4. d4 cxd4 5. Nxd4 Bg7 6. Nf3 d6 7. Bc4 Nf6 8. h3 O-O 9. O-O Bd7 10. Re1 Rc8 11. Bb3 Na5 12. Nd5 Nxb3 13. axb3 a6 14. c3 e6 15. Nxf6+ Bxf6 16. Qxd6 Bc6 17. Qb4 Qd3 18. e5 Bg7 19. Nd4 Bd5 20. Bg5 h6 21. Rad1 Qxd1 22. Rxd1 hxg5 23. c4 Be4 24. f3 Bc6 25. Nxc6 bxc6 26. Qc5 Rfd8 27. Rd6 Kh7 28. Kf1 Rb8 29. Rxd8 Rxd8 30. Ke2 Rb8 31. b4 Bf8 32. Qa7 Rxb4 33. Qxf7+ Bg7 34. Qxe6 Rxb2+ 35. Kd3 a5 36. Qxc6 Bxe5 37. Qd5 Bf6 38. Qf7+ Bg7 39. c5 a4 40. Qa7 Rb3+ 41. Kc4 Rc3+ 42. Kd5 a3 43. c6 Rd3+ 44. Ke6 Rc3 45. Kd7 Rd3+ 46. Kc8 Rc3 47. Kd7 Rd3+ 48. Ke6 Rc3 49. Kd5 Kh6 50. Qa8 Kh7 51. Kd6 Rc2 52. c7 a2 53. c8=Q Rxc8 54. Qxa2 Rb8 55. Ke6 Rb2 56. Qa8 Rb6+ 57. Ke7 Kh6 58. Kf7 Rf6+ 59. Kg8 Rf4 60. Qe8 Rb4 61. Qc8 Rf4 62. Qd8 Rf5 63. Qe7 Rf8+ 64. Qxf8 Bxf8 65. Kxf8 Kh7 66. Kf7 Kh6 67. Kg8 Kh5 68. Kg7 g4 69. hxg4+ Kg5 70. Kf7 1-0

[Event "EWIRCC 2019"]
[Site "Monte-Carlo"]
[Date "2019.12.01"]
[Round "7.20"]
[White "Babiy, Olga"]
[Black "Zvereva, Marija"]
[Result "1-0"]
[ECO "B23"]
[WhiteElo "2249"]
[BlackElo "2154"]
[Annotator "NA"]
[PlyCount "28"]
[EventDate "2019.11.28"]
[EventType "swiss"]
[EventCountry "MNC"]
[SourceTitle "playchess.com"]
[Source "ChessBase"]
[SourceQuality "1"]
[TimeControl "5400+30"]

1. e4 c5 2. Nc3 Nc6 3. Nge2 e5 4. Nd5 Nf6 5. Nec3 d6 6. Bc4 Be7 7. d3 h6 8. O-O O-O 9. a4 Nd4 10. f4 exf4 11. Bxf4 Ng4 12. Nxe7+ Qxe7 13. Nd5 Qd8 14. c3 Nc6 1-0

[Event "EWIRCC 2019"]
[Site "Monte-Carlo"]
[Date "2019.12.01"]
[Round "8.1"]
[White "Girya, Olga"]
[Black "Batsiashvili, Nino"]
[Result "1-0"]
[ECO "E18"]
[WhiteElo "2476"]
[BlackElo "2422"]
[Annotator "ChessBase"]
[PlyCount "115"]
[EventDate "2019.11.28"]
[EventType "swiss"]
[EventCountry "MNC"]
[SourceTitle "playchess.com"]
[Source "ChessBase"]
[SourceQuality "1"]
[TimeControl "5400+30"]

1. d4 Nf6 2. c4 e6 3. Nf3 b6 4. g3 Bb7 5. Bg2 Be7 6. O-O O-O 7. Nc3 Ne4 8. Bd2 d6 9. Qc2 Nxd2 10. Nxd2 Nc6 11. e3 Qc8 12. a3 a5 13. f4 f5 14. d5 Nd8 15. e4 Bf6 16. Kh1 c6 17. dxe6 Nxe6 18. exf5 Nd4 19. Qd3 Nxf5 20. Nde4 Be7 21. Rfe1 Qd7 22. Rad1 Rad8 23. Na4 d5 24. cxd5 cxd5 25. Nxb6 Qc7 26. Qb3 a4 27. Nxa4 Kh8 28. Rc1 Qb8 29. Nec5 Bc6 30. Qxb8 Rxb8 31. g4 Bxc5 32. Nxc5 Nh4 33. Ne6 Rfc8 34. Nd4 Bb7 35. f5 h6 36. Kg1 Rc4 37. Rcd1 Rf8 38. b3 Rc3 39. Rc1 Rd3 40. Red1 Re3 41. Kf2 Rfe8 42. Rc7 Nxg2 43. Kxg2 Ba6 44. Kf2 Rh3 45. Ne6 Rxh2+ 46. Kg3 Rb2 47. Rxd5 Rxb3+ 48. Kf4 Rxa3 49. Rdd7 Ra4+ 50. Kg3 Ra3+ 51. Kf2 Ra2+ 52. Kg3 Ra3+ 53. Kh4 Bc8 54. Rxg7 Bxe6 55. Rh7+ Kg8 56. Rcg7+ Kf8 57. f6 Bg8 58. Rh8 1-0

[Event "EWIRCC 2019"]
[Site "Monte-Carlo"]
[Date "2019.12.01"]
[Round "8.2"]
[White "Rogule, Laura"]
[Black "Osmak, Iulija"]
[Result "1-0"]
[ECO "E08"]
[WhiteElo "2293"]
[BlackElo "2401"]
[Annotator "NA"]
[PlyCount "105"]
[EventDate "2019.11.28"]
[EventType "swiss"]
[EventCountry "MNC"]
[SourceTitle "playchess.com"]
[Source "ChessBase"]
[SourceQuality "1"]
[TimeControl "5400+30"]

1. c4 e6 2. Nf3 Nf6 3. g3 d5 4. d4 c6 5. Bg2 Be7 6. O-O O-O 7. Qc2 b6 8. cxd5 cxd5 9. Bf4 Nbd7 10. Rc1 Ba6 11. Nc3 b5 12. a4 Qb6 13. axb5 Bxb5 14. Nxb5 Qxb5 15. Ne5 Nxe5 16. Bxe5 a5 17. e3 Qd7 18. Qa4 Qxa4 19. Rxa4 Bb4 20. Raa1 Nd7 21. Bf4 Rfc8 22. Bf1 Bd2 23. Rxc8+ Rxc8 24. Bd3 f6 25. Kf1 Bb4 26. g4 h6 27. Ke2 Kf7 28. f3 Nb6 29. e4 Ke7 30. h4 Rc6 31. e5 fxe5 32. Bxe5 Kf7 33. Bf4 Rc8 34. g5 hxg5 35. hxg5 Nd7 36. g6+ Ke7 37. Rh1 Nf6 38. Bg5 Bd6 39. Rh7 Rg8 40. Ke3 Bc7 41. f4 Bd8 42. Rh1 Kd6 43. Rc1 Nd7 44. Bb5 Bxg5 45. fxg5 Rb8 46. Ba4 Rb4 47. b3 Rb6 48. Rc8 Rb7 49. Rd8 Ke7 50. Rg8 Kd6 51. Rxg7 Rc7 52. Rxd7+ Rxd7 53. Bxd7 1-0

[Event "EWIRCC 2019"]
[Site "Monte-Carlo"]
[Date "2019.12.01"]
[Round "8.3"]
[White "Kosteniuk, Alexandra"]
[Black "Muzychuk, Mariya"]
[Result "1-0"]
[ECO "B22"]
[WhiteElo "2483"]
[BlackElo "2552"]
[Annotator "ChessBase"]
[PlyCount "97"]
[EventDate "2019.11.28"]
[EventType "swiss"]
[EventCountry "MNC"]
[SourceTitle "playchess.com"]
[Source "ChessBase"]
[SourceQuality "1"]
[TimeControl "5400+30"]

1. e4 c5 2. c3 Nf6 3. e5 Nd5 4. Nf3 d6 5. Bc4 dxe5 6. Nxe5 Qd6 7. d4 Be6 8. O-O cxd4 9. Qxd4 Nc6 10. Nxc6 Qxc6 11. Bb3 Nc7 12. c4 Qd7 13. Qe3 b6 14. Qf3 O-O-O 15. Nc3 Qd3 16. Be3 Qf5 17. Qxf5 Bxf5 18. c5 bxc5 19. Bxc5 Kb8 20. Bxf7 e6 21. Bxf8 Rhxf8 22. Bh5 Rd2 23. b3 Bd3 24. Rad1 Rxd1 25. Rxd1 Bf5 26. Bf3 e5 27. Kf1 Ne6 28. Rd5 Nd4 29. Ne4 Nxf3 30. gxf3 Bh3+ 31. Ke2 Bg2 32. Nd2 Rf5 33. Rd7 Rg5 34. h4 Rg6 35. Re7 Ra6 36. a4 Rh6 37. Rxg7 Bh3 38. Ne4 Rxh4 39. a5 Be6 40. Nc5 Bd5 41. Nd7+ Ka8 42. Re7 Bxb3 43. Re8+ Kb7 44. Nc5+ Kc6 45. Nxb3 Rb4 46. Nd2 Rb5 47. Nc4 Rc5 48. Nxe5+ Kb5 49. f4 1-0

[Event "EWIRCC 2019"]
[Site "Monte-Carlo"]
[Date "2019.12.01"]
[Round "8.4"]
[White "Sebag, Marie"]
[Black "Stefanova, Antoaneta"]
[Result "0-1"]
[ECO "C78"]
[WhiteElo "2443"]
[BlackElo "2481"]
[Annotator "ChessBase"]
[PlyCount "80"]
[EventDate "2019.11.28"]
[EventType "swiss"]
[EventCountry "MNC"]
[SourceTitle "playchess.com"]
[Source "ChessBase"]
[SourceQuality "1"]
[TimeControl "5400+30"]

1. e4 e5 2. Nf3 Nc6 3. Bb5 a6 4. Ba4 Nf6 5. O-O Bc5 6. d3 b5 7. Bb3 d6 8. c3 O-O 9. Nbd2 Bb6 10. h3 Ne7 11. Re1 Ng6 12. Nf1 h6 13. Ng3 Re8 14. Be3 Bxe3 15. fxe3 d5 16. exd5 Nxd5 17. Nd2 Be6 18. Nde4 Nf6 19. Bxe6 Rxe6 20. d4 Nxe4 21. Nxe4 Nh4 22. Re2 Rg6 23. Qb3 Qd7 24. Rf1 Rf8 25. Kh2 Kh7 26. Ref2 f5 27. g3 exd4 28. exd4 Re8 29. Rf4 Rxe4 30. Rxe4 fxe4 31. Rf8 Nf3+ 32. Kg2 Qe6 33. Qxe6 Rxe6 34. Kf2 e3+ 35. Ke2 Ng1+ 36. Ke1 Nxh3 37. b3 Ng5 38. c4 bxc4 39. bxc4 Re4 40. Rd8 Nf3+ 0-1

[Event "EWIRCC 2019"]
[Site "Monte-Carlo"]
[Date "2019.12.01"]
[Round "8.5"]
[White "Gaponenko, Inna"]
[Black "Muzychuk, Anna"]
[Result "1/2-1/2"]
[ECO "C60"]
[WhiteElo "2427"]
[BlackElo "2543"]
[Annotator "ChessBase"]
[PlyCount "55"]
[EventDate "2019.11.28"]
[EventType "swiss"]
[EventCountry "MNC"]
[SourceTitle "playchess.com"]
[Source "ChessBase"]
[SourceQuality "1"]
[TimeControl "5400+30"]

1. e4 e5 2. Nf3 Nc6 3. Bb5 g6 4. d4 exd4 5. Bg5 Be7 6. Bxe7 Qxe7 7. Bxc6 dxc6 8. Qxd4 Nf6 9. Nc3 Bg4 10. Nd2 c5 11. Qe3 O-O-O 12. h3 Be6 13. O-O-O h5 14. Qg5 Rhe8 15. Nf3 Rxd1+ 16. Rxd1 Bd7 17. e5 Nh7 18. Qxe7 Rxe7 19. Nd5 Re8 20. c4 Bc6 21. b3 b6 22. Kc2 Nf8 23. Ng5 Rxe5 24. Nxf7 Re8 25. Ng5 Re5 26. Nf7 Re8 27. Ng5 Re5 28. Nf7 1/2-1/2

[Event "EWIRCC 2019"]
[Site "Monte-Carlo"]
[Date "2019.12.01"]
[Round "8.6"]
[White "Zhukova, Natalia"]
[Black "Gunina, Valentina"]
[Result "1-0"]
[ECO "A28"]
[WhiteElo "2323"]
[BlackElo "2509"]
[Annotator "ChessBase"]
[PlyCount "67"]
[EventDate "2019.11.28"]
[EventType "swiss"]
[EventCountry "MNC"]
[SourceTitle "playchess.com"]
[Source "ChessBase"]
[SourceQuality "1"]
[TimeControl "5400+30"]

1. c4 Nf6 2. Nc3 e5 3. Nf3 Nc6 4. e4 Bb4 5. d3 d6 6. a3 Bxc3+ 7. bxc3 h6 8. g3 O-O 9. Bg2 Nh7 10. O-O f5 11. exf5 Bxf5 12. Nh4 Be6 13. f4 exf4 14. Ng6 f3 15. Bxf3 Rf6 16. Nf4 Ng5 17. Bg2 Qd7 18. Nxe6 Rxf1+ 19. Qxf1 Nxe6 20. d4 Rf8 21. Qe2 Ne7 22. Bd2 Nd8 23. Re1 Rf7 24. Qh5 Qe8 25. Bd5 Qf8 26. Bxf7+ Qxf7 27. Qg4 Nf5 28. Rf1 g6 29. Bxh6 Ne6 30. Bd2 Neg7 31. d5 c6 32. Qe4 Qc7 33. g4 Qb6+ 34. Kh1 1-0

[Event "EWIRCC 2019"]
[Site "Monte-Carlo"]
[Date "2019.12.01"]
[Round "8.7"]
[White "Cramling, Pia"]
[Black "Bulmaga, Irina"]
[Result "1-0"]
[ECO "E16"]
[WhiteElo "2443"]
[BlackElo "2435"]
[Annotator "ChessBase"]
[PlyCount "75"]
[EventDate "2019.11.28"]
[EventType "swiss"]
[EventCountry "MNC"]
[SourceTitle "playchess.com"]
[Source "ChessBase"]
[SourceQuality "1"]
[TimeControl "5400+30"]

1. d4 Nf6 2. Nf3 e6 3. c4 b6 4. g3 Bb7 5. Bg2 Bb4+ 6. Bd2 Be7 7. Nc3 O-O 8. Qc2 c5 9. d5 exd5 10. Ng5 g6 11. h4 Nc6 12. Nxd5 Nd4 13. Qd3 Nxd5 14. Bxd5 Bxd5 15. cxd5 Bf6 16. Kf1 Re8 17. Re1 h6 18. Ne4 Bg7 19. Nd6 Re5 20. e4 Qf6 21. Nc4 Ree8 22. Bc3 b5 23. Nd2 c4 24. Qe3 Qb6 25. Kg2 Nc2 26. Qf4 Nxe1+ 27. Rxe1 Qc5 28. Re3 Rf8 29. Nf3 b4 30. Bxg7 Kxg7 31. Ne5 Rad8 32. Ng4 Qd4 33. Qxh6+ Kg8 34. Qg5 f5 35. exf5 Qxd5+ 36. Kh2 Qd4 37. Re7 Rf7 38. Nh6+ 1-0

[Event "EWIRCC 2019"]
[Site "Monte-Carlo"]
[Date "2019.12.01"]
[Round "8.8"]
[White "Berend, Elvira"]
[Black "Bodnaruk, Anastasia"]
[Result "1/2-1/2"]
[ECO "B07"]
[WhiteElo "2349"]
[BlackElo "2412"]
[Annotator "NA"]
[PlyCount "73"]
[EventDate "2019.11.28"]
[EventType "swiss"]
[EventCountry "MNC"]
[SourceTitle "playchess.com"]
[Source "ChessBase"]
[SourceQuality "1"]
[TimeControl "5400+30"]

1. d4 Nf6 2. Nf3 g6 3. g3 Bg7 4. Bg2 O-O 5. O-O d6 6. Nc3 Nbd7 7. e4 e5 8. h3 exd4 9. Nxd4 Re8 10. Re1 Nc5 11. Nb3 Nxb3 12. axb3 Bd7 13. b4 a6 14. Bf4 Bc6 15. Qd2 Nd7 16. Bg5 Bf6 17. Bxf6 Qxf6 18. f4 Nb6 19. b3 Rad8 20. Rad1 h5 21. Rf1 Kg7 22. Qd3 d5 23. exd5 Bxd5 24. Nxd5 Nxd5 25. Bxd5 c6 26. c4 cxd5 27. cxd5 Qb6+ 28. Qd4+ Qxd4+ 29. Rxd4 Re3 30. Kf2 Rxb3 31. Rc1 Rb2+ 32. Kf3 Rb3+ 33. Kf2 Rb2+ 34. Kf3 Rb3+ 35. Kf2 Rb2+ 36. Kf3 Rb3+ 37. Ke4 1/2-1/2

[Event "EWIRCC 2019"]
[Site "Monte-Carlo"]
[Date "2019.12.01"]
[Round "8.9"]
[White "Paehtz, Elisabeth"]
[Black "Solozhenkina, Elizaveta"]
[Result "1-0"]
[ECO "D02"]
[WhiteElo "2484"]
[BlackElo "2314"]
[Annotator "ChessBase"]
[PlyCount "97"]
[EventDate "2019.11.28"]
[EventType "swiss"]
[EventCountry "MNC"]
[SourceTitle "playchess.com"]
[Source "ChessBase"]
[SourceQuality "1"]
[TimeControl "5400+30"]

1. d4 Nf6 2. Nf3 e6 3. Bf4 d5 4. e3 c5 5. Nbd2 Nc6 6. c3 Bd6 7. Bg3 O-O 8. Bd3 b6 9. e4 Be7 10. e5 Nh5 11. a3 a5 12. Qe2 g6 13. Nf1 f5 14. exf6 Bxf6 15. Bb5 Na7 16. Ba4 cxd4 17. cxd4 b5 18. Bc2 Nc6 19. Rd1 b4 20. a4 Nxg3 21. hxg3 Qb6 22. Qd2 Ra7 23. Ne3 b3 24. Bb1 Ba6 25. Ng4 Rc7 26. Bd3 Nb4 27. Bxa6 Qxa6 28. Qe2 Rc2 29. Qxa6 Nxa6 30. Rd2 Rc1+ 31. Rd1 Rc2 32. O-O Bg7 33. Rb1 Nb4 34. Ne3 Rc7 35. Rfd1 Rfc8 36. Nf1 Nc2 37. Rd3 Rb8 38. N1d2 Rb4 39. Nxb3 Rxa4 40. Nc5 Ra2 41. Nxe6 Rb7 42. Rc3 Raxb2 43. Rxb2 Rxb2 44. Nfg5 Rb1+ 45. Kh2 Rb8 46. Rxc2 Bf6 47. Nf3 a4 48. Ra2 Ra8 49. Ra3 1-0

[Event "EWIRCC 2019"]
[Site "Monte-Carlo"]
[Date "2019.12.01"]
[Round "8.10"]
[White "Daulyte-Cornette, Deimante"]
[Black "Babiy, Olga"]
[Result "1-0"]
[ECO "B49"]
[WhiteElo "2405"]
[BlackElo "2249"]
[Annotator "ChessBase"]
[PlyCount "147"]
[EventDate "2019.11.28"]
[EventType "swiss"]
[EventCountry "MNC"]
[SourceTitle "playchess.com"]
[Source "ChessBase"]
[SourceQuality "1"]
[TimeControl "5400+30"]

1. e4 c5 2. Nc3 e6 3. Nge2 Nc6 4. d4 cxd4 5. Nxd4 Qc7 6. Be3 a6 7. a3 b5 8. Nxc6 Qxc6 9. Be2 Bb7 10. O-O Ne7 11. Qd2 Nf5 12. Bf4 Bc5 13. Rfd1 Nd4 14. Bf1 d6 15. Be3 e5 16. Nd5 Qd7 17. Bxd4 Bxd4 18. c3 Ba7 19. Qg5 Kf8 20. Rd3 h6 21. Qh5 Rd8 22. Rad1 g6 23. Qh4 Bxd5 24. Qf6 Rg8 25. Rxd5 Bb8 26. Qxe5 Qe7 27. Qxe7+ Kxe7 28. c4 bxc4 29. Bxc4 Rc8 30. Bxa6 Rc2 31. R5d2 Rxd2 32. Rxd2 Ba7 33. Rc2 Bd4 34. Rc7+ Kf6 35. b4 Re8 36. Bb7 Re7 37. Rxe7 Kxe7 38. Kf1 h5 39. a4 Bc3 40. b5 g5 41. f3 h4 42. g3 hxg3 43. hxg3 Ba5 44. Ke2 Kd7 45. Bd5 f6 46. Kd3 Kc7 47. Bc6 Be1 48. g4 Ba5 49. Kc4 Be1 50. Kd5 Bc3 51. Ke6 Kb6 52. Kxd6 Be5+ 53. Ke6 Bc3 54. Bd5 Be5 55. Bc6 Bc3 56. Kd5 Be5 57. Be8 Bb2 58. Ke6 Bc3 59. Kf5 Bd4 60. f4 gxf4 61. Kxf4 Bc3 62. Kf5 Kc5 63. g5 fxg5 64. Kxg5 Kd6 65. Kf5 Ba5 66. e5+ Ke7 67. Bc6 Bb6 68. Ke4 Ke6 69. Bd5+ Ke7 70. Bc4 Kd7 71. Kd5 Ba5 72. Be2 Bc7 73. Bg4+ Ke7 74. e6 1-0

[Event "EWIRCC 2019"]
[Site "Monte-Carlo"]
[Date "2019.12.01"]
[Round "8.12"]
[White "Guichard, Pauline"]
[Black "Bensdorp-De Labaca, Marlies"]
[Result "1-0"]
[ECO "D02"]
[WhiteElo "2407"]
[BlackElo "2228"]
[Annotator "NA"]
[PlyCount "75"]
[EventDate "2019.11.28"]
[EventType "swiss"]
[EventCountry "MNC"]
[SourceTitle "playchess.com"]
[Source "ChessBase"]
[SourceQuality "1"]
[TimeControl "5400+30"]

1. d4 d5 2. Bf4 Nf6 3. e3 e6 4. Nd2 Bd6 5. Bg3 O-O 6. Bd3 c5 7. c3 Nc6 8. Ngf3 cxd4 9. exd4 Qc7 10. O-O Bxg3 11. hxg3 e5 12. dxe5 Nxe5 13. Nxe5 Qxe5 14. Re1 Qd6 15. Qa4 Bd7 16. Qd4 b6 17. Ne4 Nxe4 18. Bxe4 Be6 19. Rad1 Rad8 20. c4 Qb4 21. cxd5 Qa5 22. Bxh7+ Kxh7 23. Qe4+ Bf5 24. Qxf5+ g6 25. Qg5 Qxa2 26. Re4 Qxb2 27. Rh4+ Kg8 28. Rdd4 Qb1+ 29. Kh2 f6 30. Qh6 Rd7 31. d6 Qf5 32. Rdf4 Qg5 33. Qh8+ Kf7 34. Qh7+ Ke8 35. Re4+ Kd8 36. Re7 Rxd6 37. Rxa7 Qe5 38. Ra8# 1-0

[Event "EWIRCC 2019"]
[Site "Monte-Carlo"]
[Date "2019.12.01"]
[Round "8.14"]
[White "Worek, Joanna"]
[Black "Zaksaite, Salomeja"]
[Result "1/2-1/2"]
[ECO "B45"]
[WhiteElo "2316"]
[BlackElo "2202"]
[Annotator "NA"]
[PlyCount "151"]
[EventDate "2019.11.28"]
[EventType "swiss"]
[EventCountry "MNC"]
[SourceTitle "playchess.com"]
[Source "ChessBase"]
[SourceQuality "1"]
[TimeControl "5400+30"]

1. e4 c5 2. Nf3 e6 3. d4 cxd4 4. Nxd4 Nf6 5. Nc3 Nc6 6. Nxc6 bxc6 7. e5 Nd5 8. Nxd5 cxd5 9. Bd3 Qc7 10. Qe2 Bb4+ 11. Kf1 a5 12. h4 d6 13. Bf4 O-O 14. h5 dxe5 15. Bxe5 Bd6 16. Bxd6 Qxd6 17. c4 Bb7 18. Rd1 Rad8 19. cxd5 exd5 20. Rh3 Rfe8 21. Qd2 d4 22. Kg1 Qd5 23. Bf1 Re5 24. h6 Rg5 25. f4 Rg6 26. hxg7 Rxg7 27. Rd3 Rg4 28. Rxd4 Qc5 29. Qf2 Re8 30. f5 Rg5 31. f6 Kh8 32. Rd8 Qxf2+ 33. Kxf2 Rgg8 34. Rxe8 Rxe8 35. Rd7 Be4 36. Bc4 Bg6 37. Ra7 Rc8 38. b3 h6 39. Bxf7 Bxf7 40. Rxf7 Rc2+ 41. Kf3 Rxa2 42. g4 Rb2 43. Kf4 Rf2+ 44. Ke5 Kg8 45. Ra7 Rf3 46. Rxa5 Rxb3 47. Kf5 Rb4 48. Ra7 Kf8 49. Rh7 Rb5+ 50. Kf4 Rb4+ 51. Kg3 Rb6 52. Rxh6 Kf7 53. Rh7+ Kg6 54. f7 Rb8 55. Rh5 Kxf7 56. Rh6 Kg7 57. Rc6 Ra8 58. Kh4 Rb8 59. Kh5 Rb5+ 60. g5 Rb8 61. Rc7+ Kg8 62. Kh6 Ra8 63. g6 Rb8 64. Rg7+ Kh8 65. Rf7 Kg8 66. Rf6 Rb1 67. Rf5 Rh1+ 68. Kg5 Ra1 69. Rb5 Rg1+ 70. Kf6 Rf1+ 71. Rf5 Rxf5+ 72. Kxf5 Kg7 73. Kg5 Kg8 74. Kf6 Kf8 75. g7+ Kg8 76. Kg6 1/2-1/2

[Event "EWIRCC 2019"]
[Site "Monte-Carlo"]
[Date "2019.12.01"]
[Round "8.15"]
[White "Michna, Marta"]
[Black "Belenkaya, Dina"]
[Result "1/2-1/2"]
[ECO "D00"]
[WhiteElo "2366"]
[BlackElo "2302"]
[Annotator "ChessBase"]
[PlyCount "132"]
[EventDate "2019.11.28"]
[EventType "swiss"]
[EventCountry "MNC"]
[SourceTitle "playchess.com"]
[Source "ChessBase"]
[SourceQuality "1"]
[TimeControl "5400+30"]

1. d4 d5 2. Bf4 c5 3. e3 Nc6 4. c3 Nf6 5. Nd2 Bf5 6. Qb3 Qd7 7. Ngf3 c4 8. Qd1 b5 9. Be2 e6 10. Nh4 Bg6 11. O-O Bd6 12. Re1 a5 13. Rc1 b4 14. Bxd6 Qxd6 15. b3 cxb3 16. axb3 O-O 17. Nxg6 hxg6 18. c4 Rfc8 19. Ra1 Qe7 20. Bf3 Ra7 21. Qb1 g5 22. h3 g6 23. Rc1 Qd6 24. cxd5 exd5 25. Rc5 Ra6 26. Qd3 Ne7 27. Raxa5 Rxa5 28. Rxa5 Rc1+ 29. Nf1 Rc3 30. Qd1 Ne4 31. Bxe4 dxe4 32. Ng3 f5 33. d5 Rd3 34. Qa1 Kh7 35. Ra8 Rc3 36. Qa7 Rc7 37. Qd4 Nc8 38. Ra4 Rb7 39. Ra5 Nb6 40. Rb5 Rb8 41. Qxb4 Qxb4 42. Rxb4 Kg7 43. Ne2 Kf6 44. Nd4 Nd7 45. Rxb8 Nxb8 46. Nc6 Nd7 47. d6 Ke6 48. Ne7 Ne5 49. g4 fxg4 50. hxg4 Kxd6 51. Nc8+ Kd7 52. Nb6+ Kc6 53. Nc8 Kd7 54. Nb6+ Ke6 55. Kg2 Nxg4 56. Nc4 Kd5 57. Kg3 Nf6 58. Nd2 Kc5 59. f3 exf3 60. Nxf3 Ne4+ 61. Kg4 Kb4 62. Nxg5 Nc3 63. Nf7 Kxb3 64. Kg5 Kc4 65. Ne5+ Kd5 66. Nxg6 Ke4 1/2-1/2

[Event "EWIRCC 2019"]
[Site "Monte-Carlo"]
[Date "2019.12.01"]
[Round "8.16"]
[White "Salimova, Nurgyul"]
[Black "Socko, Monika"]
[Result "1/2-1/2"]
[ECO "A25"]
[WhiteElo "2370"]
[BlackElo "2417"]
[Annotator "NA"]
[PlyCount "76"]
[EventDate "2019.11.28"]
[EventType "swiss"]
[EventCountry "MNC"]
[SourceTitle "playchess.com"]
[Source "ChessBase"]
[SourceQuality "1"]
[TimeControl "5400+30"]

1. c4 e5 2. Nc3 Nc6 3. g3 g6 4. Bg2 Bg7 5. e3 Nge7 6. Nge2 O-O 7. O-O d6 8. d3 Be6 9. Nd5 Qd7 10. Nxe7+ Qxe7 11. Rb1 a5 12. Nc3 Qd7 13. Nd5 Rac8 14. a3 Bh3 15. b4 Bxg2 16. Kxg2 axb4 17. axb4 Ra8 18. Bb2 Ne7 19. Nxe7+ Qxe7 20. Ra1 h5 21. h4 c6 22. Qb3 Qd7 23. Rxa8 Rxa8 24. Ra1 Rxa1 25. Bxa1 d5 26. Bb2 Kh7 27. b5 dxc4 28. dxc4 Qf5 29. bxc6 bxc6 30. Ba3 e4 31. Bb2 g5 32. hxg5 Qxg5 33. Bxg7 Qxg7 34. Qb6 Qf6 35. Qc5 Qf3+ 36. Kg1 Qd1+ 37. Kg2 Qf3+ 38. Kg1 Qd1+ 1/2-1/2

[Event "EWIRCC 2019"]
[Site "Monte-Carlo"]
[Date "2019.12.01"]
[Round "8.17"]
[White "Chiburdanidze, Maia"]
[Black "Janzelj, Lara"]
[Result "1-0"]
[ECO "D11"]
[WhiteElo "2500"]
[BlackElo "2158"]
[Annotator "ChessBase"]
[PlyCount "62"]
[EventDate "2019.11.28"]
[EventType "swiss"]
[EventCountry "MNC"]
[SourceTitle "playchess.com"]
[Source "ChessBase"]
[SourceQuality "1"]
[TimeControl "5400+30"]

1. d4 d5 2. Nf3 Nf6 3. e3 Bg4 4. h3 Bh5 5. c4 c6 6. Qb3 Qb6 7. Ne5 Nbd7 8. Nxd7 Nxd7 9. cxd5 Qa5+ 10. Nc3 Rb8 11. Bd2 Qc7 12. Rc1 Nf6 13. Qa4 a5 14. Nb5 Qd7 15. dxc6 bxc6 16. Na3 Ne4 17. Rxc6 Nxd2 18. Rc8+ Rxc8 19. Bb5 Rd8 20. Kxd2 e6 21. Rc1 Bb4+ 22. Kd3 Ke7 23. Bxd7 Rxd7 24. Nb5 e5 25. a3 Bd6 26. Nxd6 Rxd6 27. Qxa5 Bg6+ 28. Ke2 exd4 29. Qc7+ Ke6 30. exd4 Re8 31. Kf3 Kd5 {[%emt 0:09:45] Ke4+} 1-0

[Event "EWIRCC 2019"]
[Site "Monte-Carlo"]
[Date "2019.12.01"]
[Round "8.18"]
[White "Buksa, Nataliya"]
[Black "Petrova, Irina"]
[Result "0-1"]
[ECO "B09"]
[WhiteElo "2410"]
[BlackElo "2109"]
[Annotator "ChessBase"]
[PlyCount "90"]
[EventDate "2019.11.28"]
[EventType "swiss"]
[EventCountry "MNC"]
[SourceTitle "playchess.com"]
[Source "ChessBase"]
[SourceQuality "1"]
[TimeControl "5400+30"]

1. e4 d6 2. d4 Nf6 3. Nc3 g6 4. f4 Bg7 5. Nf3 O-O 6. e5 dxe5 7. fxe5 Nd5 8. Bc4 Nxc3 9. bxc3 c5 10. O-O Bg4 11. Rb1 Nc6 12. h3 Bxf3 13. Qxf3 cxd4 14. Bxf7+ Kh8 15. e6 dxc3 16. Rxb7 Qc8 17. Rb1 Nd4 18. Qe4 Rb8 19. Bh6 Ne2+ 20. Qxe2 Bxh6 21. Qf2 Rxb1 22. Rxb1 Qc7 23. Qh4 Qc5+ 24. Kh1 Bg5 25. Qe4 Bf6 26. Rd1 Kg7 27. a4 Rb8 28. Rf1 Qe5 29. Qd3 Qd4 30. Qe2 Rb4 31. a5 Qe5 32. Qf3 Qb8 33. a6 Rb1 34. g4 Rxf1+ 35. Qxf1 Qg3 36. Qg2 Qe1+ 37. Qg1 Qe4+ 38. Qg2 Qf4 39. Qe2 Qg3 40. Qg2 Qe3 41. Qf1 Qd2 42. Qg2 Qd1+ 43. Qg1 Qxc2 44. Be8 Qe4+ 45. Qg2 Qxg2+ 0-1

[Event "EWIRCC 2019"]
[Site "Monte-Carlo"]
[Date "2019.12.01"]
[Round "8.19"]
[White "Gaprindashvili, Nona"]
[Black "Ovod, Evgenija"]
[Result "1-0"]
[ECO "D56"]
[WhiteElo "2275"]
[BlackElo "2347"]
[Annotator "NA RC"]
[PlyCount "71"]
[EventDate "2019.11.28"]
[EventType "swiss"]
[EventCountry "MNC"]
[SourceTitle "playchess.com"]
[Source "ChessBase"]
[SourceQuality "1"]
[TimeControl "5400+30"]

1. d4 d5 2. c4 e6 3. Nf3 Nf6 4. Bg5 Be7 5. e3 O-O 6. Nc3 h6 7. Bh4 Ne4 8. Bxe7 Qxe7 9. Qc2 Nxc3 10. Qxc3 dxc4 11. Qxc4 b6 12. Rc1 c6 13. Be2 Ba6 14. Qc3 Bxe2 15. Kxe2 Rc8 16. Rhd1 Nd7 17. Kf1 c5 18. b4 cxd4 19. Qxc8+ Rxc8 20. Rxc8+ Kh7 21. Rc7 Qxb4 22. Nxd4 Nf6 23. Rxf7 Qc4+ 24. Ne2 Qxa2 25. Rc1 Nd5 26. e4 Nb4 27. Rcc7 Qa1+ 28. Nc1 a5 29. f4 Kg6 30. f5+ exf5 31. exf5+ Kg5 32. Rxg7+ Kxf5 33. g4+ Ke4 34. Kg2 Nd5 35. Rc4+ Ke5 36. Rg6 {[%emt 0:01:12] Ke4 Rg7+ Ke5 Kh3} 1-0

[Event "EWIRCC 2019"]
[Site "Monte-Carlo"]
[Date "2019.12.01"]
[Round "9.1"]
[White "Stefanova, Antoaneta"]
[Black "Girya, Olga"]
[Result "0-1"]
[ECO "A07"]
[WhiteElo "2481"]
[BlackElo "2476"]
[Annotator "ChessBase"]
[PlyCount "111"]
[EventDate "2019.11.28"]
[EventType "swiss"]
[EventCountry "MNC"]
[SourceTitle "playchess.com"]
[Source "ChessBase"]
[SourceQuality "1"]
[TimeControl "5400+30"]

1. Nf3 d5 2. g3 c6 3. Bg2 Bg4 4. O-O Nf6 5. d3 Nbd7 6. Qe1 e5 7. h3 Bh5 8. e4 Bc5 9. exd5 Bxf3 10. Bxf3 Nxd5 11. a3 a5 12. Nc3 Nxc3 13. Qxc3 O-O 14. Be3 Bxe3 15. fxe3 Qg5 16. Kf2 f5 17. Qb3+ Kh8 18. Qxb7 Nf6 19. Qxc6 e4 20. Be2 Rac8 21. Qa4 Nd5 22. Qd4 Rfd8 23. h4 Qh6 24. Rac1 Nb4 25. Qa7 Nxc2 26. Rfd1 Rf8 27. Rd2 exd3 28. Rxd3 f4 29. exf4 Rxf4+ 30. Kg2 Rff8 31. Rcd1 Rce8 32. Bg4 Ne3+ 33. Rxe3 Rxe3 34. Qxa5 Qg6 35. Qg5 Qe4+ 36. Kh3 Re1 37. Rxe1 Qxe1 38. Qd5 Qf1+ 39. Qg2 Qc4 40. Bf3 Qd3 41. Be4 Qd7+ 42. g4 Qd4 43. h5 Rf2 44. Qg3 Rxb2 45. Qf4 Rb3+ 46. Kh4 Qd8+ 47. g5 Rxa3 48. h6 Ra5 49. hxg7+ Kxg7 50. Kg4 Qe7 51. Bf5 Rd5 52. Qc4 Qd8 53. Qc3+ Rd4+ 54. Kh3 Qd6 55. Qb2 Qd5 56. Bb1 0-1